 Dungeon Crawl Stone Soup version 0.31.0-11-ge490571c62 (webtiles) character file.

Game seed: 9927095359037274657

192566 Ashen the Covert (level 18, -6/142 HPs)
             Began as a Gnoll Enchanter on Feb 8, 2024.
             Was a Follower of Uskayaw.
             Mangled by a boulder beetle (46 damage)
             ... on level 2 of the Spider Nest.
             The game lasted 02:42:48 (38703 turns).

Ashen the Covert (Gnoll Enchanter)                 Turns: 38703, Time: 02:42:48

Health: -6/142     AC:  9    Str:  9    XL:     18   Next: 24%
Magic:  25/35      EV: 20    Int: 15    God:    Uskayaw [*.....]
Gold:   1728       SH:  8    Dex: 19    Spells: 25/44 levels left

rFire   . . .        a - +2 dagger (speed)
rCold   . . .        F - +0 buckler
rNeg    . . .        i - +0 leather armour {rPois}
rPois   +            c - +2 helmet
rElec   .            B - scarf {shadows}
rCorr   .            d - +0 pair of gloves
SInv    +            (no boots)
Will    ++...        C - amulet of faith
Stlth   ++++++       v - ring of see invisible
HPRegen 0.43/turn    y - ring of willpower
MPRegen 0.24/turn

%: faith
@: no status effects
A: fangs 1, strong nose, distributed training
}: 1/15 runes: decaying
a: Renounce Religion, Stomp


You were on level 2 of the Spider Nest.
You worshipped Uskayaw.
Uskayaw was pleased with you.
You visited 6 branches of the dungeon, and saw 29 of its levels.
You also visited: Sewer, Ossuary and Gauntlet.

You collected 2309 gold pieces.
You spent 581 gold pieces at shops.

Inventory:

Hand Weapons
 a - a +2 dagger of speed (weapon)
 V - a +1 falchion of electrocution
Missiles
 e - 37 poisoned darts (quivered)
 p - 5 throwing nets
Armour
 c - a +2 helmet (worn)
 d - a +0 pair of gloves (worn)
 i - a +0 leather armour of poison resistance (worn)
 B - a scarf of shadows (worn)
 F - a +0 buckler (worn)
 X - a +0 troll leather armour
Jewellery
 h - the ring "Ixixtorch" {Fly Int+3}
   (You found it in a Gauntlet)

   [ring of flight]

   Int+3:     It affects your intelligence (+3).
   Fly:       It grants you flight.
 m - an amulet of regeneration
 v - a ring of see invisible (left hand)
 y - a ring of willpower (right hand)
 C - an amulet of faith (around neck)
 P - a ring of poison resistance
Wands
 n - a wand of iceblast (21)
 t - a wand of paralysis (4)
 z - a wand of polymorph (7)
 O - a wand of digging (32)
 R - a wand of flame (13)
 S - a wand of acid (7)
 T - a wand of mindburst (6)
Scrolls
 b - 6 scrolls of amnesia
 f - 2 scrolls of silence
 l - 6 scrolls of fog
 q - a scroll of vulnerability {unknown}
 r - 4 scrolls of enchant weapon
 u - 2 scrolls of revelation
 w - 6 scrolls of teleportation
 x - 5 scrolls of noise
 A - a scroll of enchant armour {unknown}
 E - 3 scrolls of torment
 H - 7 scrolls of immolation
 J - a scroll of acquirement {unknown}
 K - 5 scrolls of brand weapon
 N - 4 scrolls of poison
 Q - 6 scrolls of butterflies
Potions
 g - a potion of invisibility
 j - 3 potions of might
 k - 3 potions of enlightenment
 o - 4 potions of cancellation
 s - 6 potions of haste
 D - 7 potions of mutation
 G - 4 potions of attraction
 I - 12 potions of curing
 L - 5 potions of brilliance
 M - 3 potions of ambrosia
 U - a potion of resistance
 W - a potion of lignification


   Skills:
 + Level 12.6 Fighting
 + Level 12.9 Short Blades
 + Level 12.6 Long Blades
 + Level 12.6 Axes
 + Level 12.6 Maces & Flails
 + Level 12.6 Polearms
 + Level 12.6 Staves
 + Level 12.6 Ranged Weapons
 + Level 12.6 Throwing
 + Level 12.6 Armour
 + Level 13.4 Dodging
 + Level 13.9 Stealth
 + Level 12.6 Shields
 + Level 12.6 Unarmed Combat
 + Level 13.5 Spellcasting
 + Level 10.7 Conjurations
 + Level 12.0 Hexes
 + Level 10.7 Summonings
 + Level 10.7 Necromancy
 + Level 10.7 Translocations
 + Level 10.7 Fire Magic
 + Level 10.7 Ice Magic
 + Level 10.7 Air Magic
 + Level 10.7 Earth Magic
 + Level 10.7 Alchemy
 + Level 13.7 Invocations
 + Level 12.6 Evocations
 + Level 11.6 Shapeshifting


You had 25 spell levels left.
You knew the following spells:

 Your Spells              Type           Power      Damage    Failure   Level
a - Ensorcelled Hibernat  Hex/Ice        88%        N/A       1%          2
b - Confusing Touch       Hex            46%        N/A       1%          3
c - Tukima's Dance        Hex            46%        N/A       1%          3
d - Dazzling Flash        Conj/Hex       88%        N/A       1%          3
e - Blink                 Tloc           84%        N/A       1%          2
f - Dispersal             Tloc           21%        N/A       21%         6

Your spell library contained the following spells:

 Spells                   Type           Power      Damage    Failure   Level
 Apportation              Tloc           84%        N/A       1%          1
 Freeze                   Ice            100%       1d10      1%          1
 Magic Dart               Conj           100%       1d8       1%          1
 Necrotise                Necr           100%       1d9       1%          1
 Slow                     Hex            100%       N/A       1%          1
 Sting                    Conj/Alch      100%       1d9       1%          1
 Summon Small Mammal      Summ           100%       N/A       1%          1
 Call Imp                 Summ           84%        N/A       1%          2
 Lesser Beckoning         Tloc           84%        N/A       1%          2
 Mercury Vapours          Alch/Air       84%        N/A       1%          2
 Scorch                   Fire           84%        2d8       1%          2
 Sublimation of Blood     Necr           42%        N/A       1%          2
 Frozen Ramparts          Ice            84%        1d13      1%          3
 Fugue of the Fallen      Necr           42%        N/A       1%          3
 Gell's Gravitas          Tloc           42%        N/A       1%          3
 Hailstorm                Conj/Ice       42%        3d9       1%          3
 Inner Flame              Hex/Fire       44%        N/A       1%          3
 Passwall                 Erth           42%        N/A       1%          3
 Sigil of Binding         Hex            46%        N/A       1%          3
 Stone Arrow              Conj/Erth      84%        3d12      1%          3
 Summon Ice Beast         Ice/Summ       42%        N/A       1%          3
 Swiftness                Air            42%        N/A       1%          3
 Teleport Other           Tloc           42%        N/A       1%          3
 Vampiric Draining        Necr           42%        2d9       1%          3
 Anguish                  Hex/Necr       22%        N/A       1%          4
 Animate Armour           Summ/Erth      84%        N/A       1%          4
 Animate Dead             Necr           42%        N/A       1%          4
 Flame Wave               Conj/Fire      42%        2d11      1%          4
 Olgreb's Toxic Radiance  Alch           42%        N/A       1%          4
 Sticky Flame             Fire/Alch      42%        2d8       1%          4
 Borgnjor's Vile Clutch   Necr/Erth      21%        N/A       3%          5
 Death Channel            Necr           21%        N/A       21%         6
 Sculpt Simulacrum        Ice/Alch       21%        N/A       21%         6
 Summon Cactus Giant      Summ           21%        N/A       21%         6
 Summon Hydra             Summ           21%        N/A       75%         7
 Lehudib's Crystal Spear  Conj/Erth      21%        10d6      100%        8


Dungeon Overview and Level Annotations

Branches:
Dungeon (15/15)            Temple (1/1) D:5            Lair (5/5) D:8
  Swamp (4/4) Lair:2       Spider (2/4) Lair:3        Slime (0/5) Lair:4
    Orc (2/2) D:11            Elf (0/3) Orc:2        Vaults (0/5) D:13
 Depths (0/4) D:15          Sewer (visited)         Ossuary (visited)
Gauntlet (visited)

Altars:
Ashenzari
Cheibriados
Dithmenos
Elyvilon
Fedhas
Gozag
Hepliaklqana
Kikubaaqudgha
Makhleb
Nemelex Xobeh
Okawaru
Qazlal
Ru
Sif Muna
Trog
Uskayaw
Vehumet
Wu Jian
Xom
Yredelemnul
Zin
The Shining One
Jiyva

Shops:
D:5 [   D:15 [   Orc:2 ([(*=

Annotations:
D:9 Erolcha
D:13 1 exclusion
Lair:5 exclusion: dire elephant
Swamp:2 Roxanne
Spider:1 3 runed translucent doors, Raspi's ghost, adept OnBe
Spider:2 Arachne
Orc:1 3 runed translucent doors, Frank's ghost, journeyman DsFi; kMk's ghost, journeyman BaHu; kwasso's ghost, journeyman VSFi


Innate Abilities, Weirdness & Mutations

You have very sharp teeth.
Your uncanny sense of smell can sniff out nearby items.
Your experience applies equally to all skills.


Message History

The boulder beetle leaps!
You can now pass through a line of other dancers.
Press: ? - help, v - describe, . - travel
Here: Arachne, wielding a staff of alchemy (severely wounded)
The floor, spattered with blood.
Casting: Ensorcelled Hibernation (safe; 1% risk of failure)
Confirm with . or Enter, or press ? or * to list all spells.
Casting: Dispersal (dangerous; 21% risk of failure)
Press: ? - help, Dir - look around, f - activate Arachne blinks!
Arachne mumbles some strange words.
Arachne blinks!
Arachne casts a spell at you. The bolt of poison hits you!
You are lethally poisoned!
You resist.
* * * LOW HITPOINT WARNING * * *
You feel better.
Arachne points her staff at you, shooting a stream of webbing.
The stream of webbing misses you.
Arachne casts a spell.
Arachne blinks!
The boulder beetle curls into a ball and begins rolling!
Casting: Dispersal (dangerous; 21% risk of failure)
Confirm with . or Enter, or press ? or * to list all spells.
You can't see any susceptible monsters within range! (Use Z to cast anyway.) Arachne mumbles some strange words.
Arachne blinks!
Arachne says, "Come to my web."
You can no longer pass through a line of other dancers.
Arachne casts a spell.
Arachne blinks!
Casting: Dispersal (dangerous; 21% risk of failure)
Confirm with . or Enter, or press ? or * to list all spells.
Aiming: Ensorcelled Hibernation (safe; 1% risk of failure)
Press: ? - help, Shift-Dir - straight line, f - boulder beetle
Aim: a boulder beetle (rolling, chance to affect: 50%)
The boulder beetle resists with significant effort.
The boulder beetle hits you!!!
You die...

##.......#..##
##.....####††# .
#.....#.#^^.## .. ##
#...)...#.#.## #..#.#
##.#.........# #.....##
##......#....##
#....°#####.........#...##
#H.°#.#..............†.
#...°B@....#....†..#..#
###..#^##.##.....^#...#
########.......###.#.
#.........#..
#............
#.#..#.#......
#..#....^....
###^##......^ ## #.......


You could see Arachne and a boulder beetle (rolling).

Vanquished Creatures
  Rupert (D:13)
  Jorgrun (Swamp:2)
  Frances (Swamp:2)
  2 thorn hunters
  2 fenstrider witches
  3 ghouls (Swamp:3)
  An orc warlord (Orc:2)
  2 eleionomae
  5 bunyips
  2 spark wasps (Spider:1)
  A minotaur (Gauntlet)
  3 fire dragons (Swamp:4)
  Harold (Orc:1)
  A quicksilver dragon zombie (D:15)
  A vault guard (D:13)
  23 hydras
  A radroach (Spider:1)
  An ogre mage (D:15)
  A rakshasa (D:14)
  13 alligators
  8 centaur warriors
  A ghost crab (Swamp:4)
  Erica (D:11)
  A jorogumo (Spider:1)
  A sphinx skeleton (D:15)
  9 two-headed ogres
  An ironbound frostheart (D:13)
  A demonic crawler (Spider:1)
  8 boulder beetles
  11 death yaks
  3 orc high priests (Orc:2)
  Nergalle (Lair:3)
  Amaemon (D:8)
  6 skysharks (Lair:4)
  6 goliath frogs
  3 orb spiders
  A storm dragon skeleton (D:15)
  2 skeletal warriors (D:15)
  A death drake (Swamp:4)
  2 bog bodies (Swamp:1)
  4 lindwurms (Swamp:4)
  6 swamp dragons
  A flayed ghost (D:15)
  2 spriggan druids
  2 necromancers
  A harpy (shapeshifter) (D:13)
  3 deep elf pyromancers
  2 large abominations (Gauntlet)
  Pikel (D:7)
  5 orc knights
  6 ugly things
  5 wolf spiders
  An oklob plant (Lair:4)
  5 orc sorcerers (Orc:2)
  3 cyclopes
  Maurice (D:12)
  2 manticores
  19 elephants
  11 will-o-the-wisps
  2 moths of wrath
  4 slime creatures (D:12)
  6 black mambas
  Joseph (D:7)
  2 gargoyles (D:13)
  A cane toad (shapeshifter) (D:12)
  A torpor snail (Spider:2)
  An orange demon (D:8)
  20 cane toads
  An unseen horror (D:13)
  3 kobold demonologists
  2 minotaur zombies (Gauntlet)
  7 rime drakes
  12 komodo dragons
  A freezing wraith (D:14)
  An efreet (D:14)
  4 burning bushes (Lair:4)
  5 trolls
  13 polar bears
  10 tarantellas
  7 hornets
  7 tyrant leeches
  7 blink frogs
  7 jumping spiders
  2 raiju (Lair:5)
  A dream sheep (Lair:5)
  3 shadows
  7 culicivoras
  A centaur simulacrum (D:14)
  Sigmund (D:6)
  5 small abominations (Gauntlet)
  2 wraiths
  2 vampires (D:13)
  7 spriggans
  A basilisk (shapeshifter) (D:14)
  6 wyverns
  18 yaks
  4 basilisks
  4 wargs (Lair:5)
  3 humans (D:13)
  2 fire bats (Swamp:4)
  22 redbacks
  A steam dragon (D:7)
  2 vampire mosquitoes (Swamp:3)
  Edmund (D:6)
  18 swamp worms
  4 acid dragons
  12 water moccasins
  Duvessa (D:7)
  15 hell hounds (Lair:5)
  Pargi (Sewer)
  40 orc warriors
  3 sky beasts (D:7)
  13 swamp drakes
  11 black bears
  2 laughing skulls (D:15)
  45 wolves
  7 ogres
  10 centaurs
  2 lemures (D:7)
  4 kobold brigands
  15 bullfrogs
  A brain worm (Sewer)
  2 necrophages
  9 scorpions
  A water moccasin zombie (D:6)
  2 gnoll sergeants
  10 wights
  Dowan (D:7)
  17 killer bees
  6 howler monkeys
  An electric eel (Lair:5)
  A bullfrog zombie (D:6)
  13 jellies
  Crazy Yiuf (D:2)
  2 centaur zombies (D:6)
  34 orc priests
  5 hounds
  4 bombardier beetles
  4 human zombies
  Jessica (D:2)
  6 iguanas
  9 scorpion zombies (Ossuary)
  Ijyb (D:4)
  Natasha (thrice) (D:3)
  Terence (D:3)
  33 orc wizards
  A killer bee zombie (D:6)
  6 mummies
  13 gnolls
  5 adders
  2 ribbon worm zombies (D:7)
  2 white imps
  3 ufetubi
  3 ribbon worms (D:4)
  7 dart slugs
  95 orcs
  9 endoplasms
  3 giant cockroaches
  9 goblins
  3 hobgoblins
  12 jackals
  4 quokkas
  6 ball pythons
  A ball python zombie (Ossuary)
  9 bats
  5 frilled lizards
  A gnoll zombie (Ossuary)
  A jackal zombie (Ossuary)
  19 kobolds
  A kobold zombie (D:7)
  3 orc zombies (Ossuary)
  6 rats
1034 creatures vanquished.

Vanquished Creatures (collateral kills)
  A two-headed ogre (D:10)
1 creature vanquished.

Vanquished Creatures (others)
  A bloated husk (Swamp:1)
  4 dancing weapons
  A swamp worm (Lair:2)
  A swamp drake (Swamp:4)
  A centaur (D:15)
  3 orcs
  54 foxfires
65 creatures vanquished.

Grand Total: 1100 creatures vanquished

Notes
Turn   | Place    | Note
-------+----------+-------------------------------------------
     0 | D:1      | Ashen the Gnoll Enchanter began the quest for the Orb.
     0 | D:1      | Reached XP level 1. HP: 13/13 MP: 6/6
   131 | D:1      | Reached XP level 2. HP: 10/19 MP: 7/7
   138 | D:1      | Learned a level 2 spell: Ensorcelled Hibernation
   691 | D:1      | Reached skill level 5 in Spellcasting
   691 | D:1      | Reached XP level 3. HP: 25/25 MP: 7/9
   695 | D:1      | Learned a level 3 spell: Confusing Touch
   699 | D:1      | Learned a level 3 spell: Tukima's Dance
   703 | D:1      | Learned a level 3 spell: Dazzling Flash
  1074 | D:2      | Reached skill level 1 in Invocations
  1178 | D:2      | Noticed Jessica
  1185 | D:2      | Killed Jessica
  1186 | D:2      | Reached skill level 1 in Fighting
  1186 | D:2      | Reached skill level 1 in Long Blades
  1186 | D:2      | Reached skill level 1 in Axes
  1186 | D:2      | Reached skill level 1 in Maces & Flails
  1186 | D:2      | Reached skill level 1 in Polearms
  1186 | D:2      | Reached skill level 1 in Staves
  1186 | D:2      | Reached skill level 1 in Ranged Weapons
  1186 | D:2      | Reached skill level 1 in Throwing
  1186 | D:2      | Reached skill level 1 in Armour
  1186 | D:2      | Reached skill level 1 in Shields
  1186 | D:2      | Reached skill level 1 in Unarmed Combat
  1186 | D:2      | Reached skill level 1 in Evocations
  1186 | D:2      | Reached skill level 1 in Shapeshifting
  1186 | D:2      | Reached XP level 4. HP: 32/32 MP: 11/11
  1202 | D:2      | Reached skill level 1 in Conjurations
  1202 | D:2      | Reached skill level 1 in Summonings
  1202 | D:2      | Reached skill level 1 in Necromancy
  1202 | D:2      | Reached skill level 1 in Translocations
  1202 | D:2      | Reached skill level 1 in Fire Magic
  1202 | D:2      | Reached skill level 1 in Ice Magic
  1202 | D:2      | Reached skill level 1 in Air Magic
  1202 | D:2      | Reached skill level 1 in Earth Magic
  1202 | D:2      | Reached skill level 1 in Alchemy
  1325 | D:2      | Found a runed translucent door.
  1326 | D:2      | Noticed Crazy Yiuf
  1334 | D:2      | Killed Crazy Yiuf
  1335 | D:2      | Reached XP level 5. HP: 37/37 MP: 3/12
  1654 | D:3      | Found a faded altar of an unknown god.
  1902 | D:3      | Noticed Natasha
  1909 | D:3      | Killed Natasha
  2089 | D:3      | Noticed Natasha
  2098 | D:3      | Killed Natasha
  2194 | D:3      | Reached XP level 6. HP: 40/44 MP: 3/13
  2373 | D:3      | Reached skill level 5 in Dodging
  2492 | D:3      | Found a burning altar of Makhleb.
  2546 | D:3      | Noticed Natasha
  2574 | D:3      | Killed Natasha
  2696 | D:3      | Noticed Terence
  2789 | D:3      | Killed Terence
  3089 | D:4      | Reached XP level 7. HP: 51/51 MP: 11/15
  3194 | D:4      | Noticed Ijyb
  3198 | D:4      | Killed Ijyb
  3551 | D:4      | Found a glowing drain.
  3561 | Sewer    | Entered a sewer
  3595 | Sewer    | Noticed Pargi
  3614 | Sewer    | Killed Pargi
  3812 | D:5      | Entered Level 5 of the Dungeon
  3875 | D:5      | Found a shimmering altar of Xom.
  3901 | D:5      | Reached XP level 8. HP: 58/58 MP: 13/16
  4052 | D:5      | Found a staircase to the Ecumenical Temple.
  4067 | Temple   | Entered the Ecumenical Temple
  4190 | D:5      | Found a broken altar of Ashenzari.
  4266 | D:5      | Found Ucwumoco's Armour Boutique.
  4266 | D:5      | Noticed an animated plate armour
  4266 | D:5      | Noticed an animated pearl dragon scales
  4772 | D:6      | Found an opulent altar of Gozag.
  5179 | D:6      | Found a stormy altar of Qazlal.
  5255 | D:6      | Found an ornate altar of the Wu Jian Council.
  5565 | D:6      | Noticed Edmund
  5574 | D:6      | Killed Edmund
  5618 | D:6      | Noticed Sigmund
  5621 | D:6      | Killed Sigmund
  5622 | D:6      | Reached XP level 9. HP: 65/65 MP: 18/18
  5867 | D:6      | Found a basalt altar of Yredelemnul.
  5883 | D:6      | Reached skill level 5 in Short Blades
  6056 | D:7      | Noticed a hornet
  6060 | D:7      | Killed a hornet
  6061 | D:7      | Reached skill level 5 in Invocations
  6225 | D:7      | Found a sand-covered staircase.
  6276 | Ossuary  | Entered an ossuary
  6687 | Ossuary  | Reached skill level 5 in Fighting
  6687 | Ossuary  | Reached skill level 5 in Long Blades
  6687 | Ossuary  | Reached skill level 5 in Axes
  6687 | Ossuary  | Reached skill level 5 in Maces & Flails
  6687 | Ossuary  | Reached skill level 5 in Polearms
  6687 | Ossuary  | Reached skill level 5 in Staves
  6687 | Ossuary  | Reached skill level 5 in Ranged Weapons
  6687 | Ossuary  | Reached skill level 5 in Throwing
  6687 | Ossuary  | Reached skill level 5 in Armour
  6687 | Ossuary  | Reached skill level 5 in Shields
  6687 | Ossuary  | Reached skill level 5 in Unarmed Combat
  6687 | Ossuary  | Reached skill level 5 in Evocations
  6693 | Ossuary  | Reached XP level 10. HP: 74/74 MP: 12/20
  7060 | D:7      | Noticed Duvessa
  7099 | D:7      | Killed Duvessa
  7125 | D:7      | Noticed Dowan
  7134 | D:7      | Killed Dowan
  7614 | D:7      | Noticed Pikel
  7632 | D:7      | Killed Pikel
  7668 | D:7      | Found a glowing golden altar of the Shining One.
  7765 | D:7      | Noticed Joseph
  7787 | D:7      | Killed Joseph
  7788 | D:7      | Reached skill level 5 in Shapeshifting
  8280 | D:8      | Noticed Amaemon
  8290 | D:8      | Noticed an orange demon
  8329 | D:8      | Killed Amaemon
  8343 | D:8      | Killed an orange demon
  8445 | D:7      | Reached skill level 5 in Conjurations
  8445 | D:7      | Reached skill level 5 in Summonings
  8445 | D:7      | Reached skill level 5 in Necromancy
  8445 | D:7      | Reached skill level 5 in Translocations
  8445 | D:7      | Reached skill level 5 in Fire Magic
  8445 | D:7      | Reached skill level 5 in Ice Magic
  8445 | D:7      | Reached skill level 5 in Air Magic
  8445 | D:7      | Reached skill level 5 in Earth Magic
  8445 | D:7      | Reached skill level 5 in Alchemy
  8454 | D:7      | Reached XP level 11. HP: 65/79 MP: 17/22
  8888 | D:8      | Found a staircase to the Lair.
  9242 | D:9      | Noticed a two-headed ogre
  9369 | D:9      | Killed a two-headed ogre
  9428 | D:9      | Noticed Erolcha
  9506 | D:9      | Found a glowing silver altar of Zin.
  9508 | D:9      | Found a hide-covered altar of Uskayaw.
  9514 | D:9      | Became a worshipper of Uskayaw the Reveller
  9540 | D:9      | Noticed a two-headed ogre
  9549 | D:9      | Killed a two-headed ogre
  9549 | D:9      | Reached * piety under Uskayaw
  9676 | D:9      | Reached ** piety under Uskayaw
  9734 | D:9      | Found a radiant altar of Vehumet.
 10114 | D:10     | Entered Level 10 of the Dungeon
 10194 | D:10     | Reached *** piety under Uskayaw
 10588 | D:10     | Found a snail-covered altar of Cheibriados.
 10610 | D:10     | Noticed a two-headed ogre
 10612 | D:10     | Noticed a two-headed ogre
 10631 | D:10     | Killed a two-headed ogre
 10977 | D:10     | Found a snail-covered altar of Cheibriados.
 11106 | D:10     | Killed a two-headed ogre
 11775 | D:11     | Noticed a cyclops
 11834 | D:11     | Killed a cyclops
 11999 | D:11     | Reached XP level 12. HP: 91/91 MP: 22/24
 12106 | D:11     | Reached **** piety under Uskayaw
 12404 | D:11     | Noticed Erica
 12476 | D:11     | Killed Erica
 12641 | D:11     | Found a staircase to the Orcish Mines.
 13024 | Lair:1   | Entered Level 1 of the Lair of Beasts
 13133 | Lair:1   | Reached ***** piety under Uskayaw
 13608 | Lair:1   | Noticed a death yak
 13608 | Lair:1   | Noticed a death yak
 13608 | Lair:1   | Noticed a death yak
 13608 | Lair:1   | Noticed a death yak
 14228 | Lair:2   | Reached skill level 10 in Stealth
 14547 | Lair:2   | Reached XP level 13. HP: 88/98 MP: 17/26
 14658 | Lair:2   | Identified the +1 chain mail "Memmear" {rPois rF+ Will-}
 14996 | Lair:2   | Found a staircase to the Swamp.
 15027 | Lair:2   | Identified the +9 falchion of the Trees {drain, rF++ Str-4
                  | Dex+4}
 15465 | Lair:3   | Noticed Nergalle
 15637 | Lair:3   | Killed Nergalle
 15896 | Lair:3   | Found a hole to the Spider Nest.
 15936 | Lair:3   | Reached skill level 10 in Spellcasting
 16750 | Lair:4   | Reached skill level 10 in Dodging
 17158 | Lair:4   | Reached skill level 10 in Invocations
 17158 | Lair:4   | Reached XP level 14. HP: 101/108 MP: 21/28
 17636 | Lair:4   | Found a basalt altar of Yredelemnul.
 18384 | Lair:4   | Found a staircase to the Slime Pits.
 18385 | Lair:4   | Found a viscous altar of Jiyva.
 18638 | Lair:5   | Entered Level 5 of the Lair of Beasts
 18648 | Lair:5   | Reached skill level 10 in Short Blades
 19768 | Lair:5   | Reached skill level 10 in Hexes
 19908 | Lair:5   | Noticed a dire elephant
 20115 | Lair:5   | Reached skill level 10 in Fighting
 20115 | Lair:5   | Reached skill level 10 in Long Blades
 20115 | Lair:5   | Reached skill level 10 in Axes
 20115 | Lair:5   | Reached skill level 10 in Maces & Flails
 20115 | Lair:5   | Reached skill level 10 in Polearms
 20115 | Lair:5   | Reached skill level 10 in Staves
 20115 | Lair:5   | Reached skill level 10 in Ranged Weapons
 20115 | Lair:5   | Reached skill level 10 in Throwing
 20115 | Lair:5   | Reached skill level 10 in Armour
 20115 | Lair:5   | Reached skill level 10 in Shields
 20115 | Lair:5   | Reached skill level 10 in Unarmed Combat
 20115 | Lair:5   | Reached skill level 10 in Evocations
 20349 | Lair:5   | Identified the maw talisman of Xom's Displeasure {rPois
                  | Will+ Int-5 Dex+3}
 20488 | Lair:5   | Reached XP level 15. HP: 115/115 MP: 27/30
 22153 | Orc:1    | Entered Level 1 of the Orcish Mines
 22204 | D:11     | HP: 2/115 [orc knight/+0 halberd (8)]
 22564 | Orc:1    | Found a runed translucent gate.
 22564 | Orc:1    | Found a runed translucent gate.
 22564 | Orc:1    | Found a runed translucent gate.
 22590 | Orc:1    | Noticed kMk's ghost (journeyman BaHu)
 22590 | Orc:1    | Noticed kwasso's ghost (journeyman VSFi)
 22590 | Orc:1    | Noticed Frank's ghost (journeyman DsFi)
 22616 | Orc:2    | Entered Level 2 of the Orcish Mines
 22712 | Orc:2    | Found a staircase to the Elven Halls.
 22803 | Orc:2    | Found a gate leading to a gauntlet.
 22829 | Orc:2    | Paralysed by an orc sorcerer for 3 turns
 22833 | Gauntlet | Entered a Gauntlet
 22833 | Gauntlet | Found a transporter.
 22833 | Gauntlet | Found a transporter.
 22877 | Gauntlet | Found a transporter.
 22881 | Gauntlet | Found a transporter.
 22889 | Gauntlet | Found a transporter.
 22893 | Gauntlet | Found a transporter.
 22901 | Gauntlet | Found a transporter.
 22918 | Gauntlet | Found a transporter.
 22932 | Gauntlet | Found a transporter.
 22936 | Gauntlet | Found a transporter.
 22944 | Gauntlet | Found a transporter.
 22948 | Gauntlet | Found a transporter.
 23242 | Gauntlet | Identified the ring "Ixixtorch" {Fly Int+3}
 23384 | Orc:2    | Noticed an orc warlord
 23832 | Orc:2    | Found Hoer's Weapon Emporium.
 24477 | Orc:1    | Found a radiant altar of Vehumet.
 24690 | Orc:2    | Killed an orc warlord
 25009 | Orc:2    | Found Woegedal's General Store.
 25010 | Orc:2    | Found Toaclol's Jewellery Shoppe.
 25011 | Orc:2    | Found Dexulaug's Antique Armour Emporium.
 25011 | Orc:2    | Found Hoxynuji's Antique Weapon Emporium.
 25029 | Orc:2    | Bought a glowing helmet for 202 gold pieces
 25353 | Orc:2    | Found a staircase to the Elven Halls.
 25467 | Orc:2    | Found Hoer's Weapon Emporium.
 25615 | Orc:2    | Found Dexulaug's Antique Armour Emporium.
 25616 | Orc:2    | Found Hoxynuji's Antique Weapon Emporium.
 25617 | Orc:2    | Found Woegedal's General Store.
 25617 | Orc:2    | Found Toaclol's Jewellery Shoppe.
 25704 | Orc:2    | Bought a scroll of brand weapon for 104 gold pieces
 26307 | D:12     | Noticed Maurice
 26312 | D:12     | Killed Maurice
 27157 | D:13     | Noticed Rupert
 27179 | D:13     | Killed Rupert
 27180 | D:13     | Reached skill level 10 in Shapeshifting
 27393 | D:13     | Reached XP level 16. HP: 113/124 MP: 26/32
 27639 | D:13     | Found a gate to the Vaults.
 27899 | D:13     | Found an iron altar of Okawaru.
 29100 | D:15     | Entered Level 15 of the Dungeon
 29153 | D:15     | Found Mukannin's Armour Boutique.
 29866 | D:15     | Found a staircase to the Depths.
 30532 | D:15     | Found a staircase to the Depths.
 30652 | D:15     | Found Mukannin's Armour Boutique.
 31269 | Orc:2    | Bought a ring of willpower for 275 gold pieces
 31368 | Orc:1    | Noticed Harold
 31371 | Orc:1    | Killed Harold
 31859 | Swamp:1  | Entered Level 1 of the Swamp
 32820 | Swamp:2  | Noticed Jorgrun
 32825 | Swamp:2  | Killed Jorgrun
 32896 | Swamp:2  | Reached XP level 17. HP: 133/133 MP: 30/33
 33310 | Swamp:2  | Reached skill level 10 in Conjurations
 33310 | Swamp:2  | Reached skill level 10 in Summonings
 33310 | Swamp:2  | Reached skill level 10 in Necromancy
 33310 | Swamp:2  | Reached skill level 10 in Translocations
 33310 | Swamp:2  | Reached skill level 10 in Fire Magic
 33310 | Swamp:2  | Reached skill level 10 in Ice Magic
 33310 | Swamp:2  | Reached skill level 10 in Air Magic
 33310 | Swamp:2  | Reached skill level 10 in Earth Magic
 33310 | Swamp:2  | Reached skill level 10 in Alchemy
 33478 | Swamp:2  | Identified the granite talisman "Ovenyn" {Int-3 Dex+5}
 33478 | Swamp:2  | Noticed Roxanne
 33510 | Swamp:2  | Noticed Frances
 33516 | Swamp:2  | Killed Frances
 34679 | Swamp:4  | Entered Level 4 of the Swamp
 36365 | Swamp:4  | Identified the +0 leather armour of Xeathrua {-Cast rElec
                  | Regen+ Stlth+}
 36459 | Swamp:4  | Got a decaying rune of Zot
 36848 | Spider:1 | Entered Level 1 of the Spider Nest
 36866 | Spider:1 | Reached XP level 18. HP: 141/141 MP: 31/35
 37108 | Spider:1 | HP: 4/141 [spark wasp (12)]
 37276 | Spider:1 | Learned a level 2 spell: Blink
 37283 | Spider:1 | Learned a level 6 spell: Dispersal
 37402 | Spider:1 | Found a runed translucent gate.
 37404 | Spider:1 | Found a runed translucent gate.
 37496 | Spider:1 | Found a runed translucent gate.
 37831 | Spider:1 | Noticed Raspi's ghost (adept OnBe)
 38646 | Spider:2 | Identified the +6 sling of Certain Death {freeze, rF- rN+
                  | Str-5 Dex+3}
 38691 | Spider:2 | Noticed Arachne
 38703 | Spider:2 | Mangled by a boulder beetle

Illustrated notes

Levels and vault maps discovered:
D:1:      lightli_arrival_flooded_house, layout_basic,
          nicolae_concentric_dashed_squares_wild, minmay_misc_feat_diagonals,
          roderic_roman_lattice, wander_ebering_terrifying_dragon_lair
D:2:      layout_basic, uniq_crazy_yiuf_cottage, uniq_jessica
D:3:      layout_basic, bloody_makhleb, nicolae_ecumenical_pavilion,
          uniq_natasha, uniq_terence
D:4:      layout_rooms, cheibrodos_sewer_entry_bend, uniq_ijyb
D:5:      layout_loops_corners, brannock_xom_greatest_gift,
          nicolae_overflow_crystal_walls, minmay_temple_entry_gardened_gates,
          serial_shops, nicolae_shop_mannequins, chequers_serial_rivers_micro_c,
          minivault_4, kennysheep_generic_room_2
D:6:      layout_basic, lemuel_mausoleum_altar_yredelemnul,
          mainiacjoe_overflow_catwalk, mainiacjoe_overflow_boulevard,
          mainiacjoe_overflow_chevrons, serial_aquarium,
          aquarium_bridge_island_small [aquarium_subvault_small_open,
          aquarium_subvault_window, aquarium_subvault_bridge,
          aquarium_subvault_bridge, aquarium_subvault_wall],
          aquarium_bridge_square [aquarium_subvault_wall,
          aquarium_subvault_bridge, aquarium_subvault_bridge,
          aquarium_subvault_balcony], aquarium_window_3, aquarium_window_fake,
          aquarium_window_1, aquarium_window_1, aquarium_view_2f,
          aquarium_view_2e, aquarium_balcony_5a, sigmund_edmund_badplayer
D:7:      layout_basic, nicolae_tso_carved_into_rock, enter_ossuary_3,
          minmay_misc_feat_columns, uniq_duvessa, uniq_joseph, uniq_pikel
D:8:      layout_basic, david_lair_shrubbed, uniq_amaemon
D:9:      layout_rooms, vehumet_crystals,
          chequers_temple_overflow_statue_of_worship, uniq_erolcha
D:10:     layout_gridville, kennysheep_slug_shrine
D:11:     layout_basic, erik_orc_1, dk_noncrumbling_4, uniq_erica
D:12:     layout_roguey, uniq_maurice
D:13:     layout_irregular_city, hellmonk_vaults_keyhole, serial_column_ruins,
          column_ruins_circle_medium, column_ruins_columns_corner,
          column_ruins_grid_1, column_ruins_open_tiny, column_ruins_open_tiny,
          column_ruins_corridor_plus, column_ruins_grid_4,
          mainiacjoe_okawaru_digging_arena, uniq_rupert
D:14:     layout_loops_corners, chequers_serial_rivers_micro_b
D:15:     gammafunk_depths_entry_grave, layout_basic, serial_shops, shop
Temple:   dpeg_chambers_temple
Lair:1:   layout_roguey
Lair:2:   cheibrodos_lair_river_kwai, layout_regular_city,
          palyth_hydra_swamp_entry
Lair:3:   layout_regular_city, spider_nest_entry_funnel_web, uniq_nergalle
Lair:4:   nzn_winding_woodlands_stair_trap [nzn_winding_woodlands_5x15_zeroes,
          nzn_winding_woodlands_5x15_lazy_stream,
          nzn_winding_woodlands_5x15_twine, nzn_winding_woodlands_15x15_killbox,
          nzn_winding_woodlands_5x15_jagged,
          nzn_winding_woodlands_5x15_longhouse,
          nzn_winding_woodlands_5x15_crooked], layout_big_grid,
          minmay_slime_entry_jelly_boxes, basic_altar, evilmike_ambush
          [evilmike_ambush_outer_basic, evilmike_ambush_inner_pond]
Lair:5:   hangedman_lair_caniforms_friends, layout_gridlike, grunt_megastairs_1
Swamp:1:  nicolae_swamp_ascending_descending, layout_falls_marsh,
          evilmike_swamp_ruin_house_5
Swamp:2:  layout_basic_swamp, evilmike_swamp_ruin_rubble_1, swamp_pool_5,
          nicolae_swamp_wisp_ring_woods, infiniplex_staircase_pool,
          uniq_roxanne, uniq_jorgrun, uniq_frances
Swamp:3:  layout_basic_swamp, evilmike_swamp_ruin_house_2
Swamp:4:  swamp_fiery, layout_basic_swamp, swamp_pool_5
Spider:1: layout_chambers, gammafunk_ghost_split,
          hangedman_spider_tarantella_strand
Spider:2: layout_spider_delve, uniq_aizul, uniq_arachne
Orc:1:    layout_caves, gammafunk_ghost_cemetery, basic_altar,
          nicolae_orc_lost_temple, uniq_harold
Orc:2:    st_orc_congregation, layout_diamond_mine, gauntlet_entry_generic,
          serial_shops, nicolae_shop_hallway_plus, mines2_david

Skill      XL: |  1  2  3  4  5  6  7  8  9 10 11 12 13 14 15 16 17 18 |
---------------+-------------------------------------------------------+-----
Spellcasting   | 5 6 7 8 9 10 11 12 13 | 13.5
Stealth        | 6 7 8 9 10 11 12 13 | 13.9
Invocations    | 1 2 3 4 5 6 7 8 10 11 12 13 | 13.7
Fighting       | 1 2 3 4 5 6 7 8 9 10 11 12 | 12.6
Long Blades    | 1 2 3 4 5 6 7 8 9 10 11 12 | 12.6
Axes           | 1 2 3 4 5 6 7 8 9 10 11 12 | 12.6
Maces & Flails | 1 2 3 4 5 6 7 8 9 10 11 12 | 12.6
Polearms       | 1 2 3 4 5 6 7 8 9 10 11 12 | 12.6
Staves         | 1 2 3 4 5 6 7 8 9 10 11 12 | 12.6
Ranged Weapons | 1 2 3 4 5 6 7 8 9 10 11 12 | 12.6
Throwing       | 1 2 3 4 5 6 7 8 9 10 11 12 | 12.6
Armour         | 1 2 3 4 5 6 7 8 9 10 11 12 | 12.6
Shields        | 1 2 3 4 5 6 7 8 9 10 11 12 | 12.6
Unarmed Combat | 1 2 3 4 5 6 7 8 9 10 11 12 | 12.6
Evocations     | 1 2 3 4 5 6 7 8 9 10 11 12 | 12.6
Shapeshifting  | 1 2 3 4 5 6 7 8 9 10 11 | 11.6
Conjurations   | 1 2 3 4 5 6 7 8 9 10 | 10.7
Summonings     | 1 2 3 4 5 6 7 8 9 10 | 10.7
Necromancy     | 1 2 3 4 5 6 7 8 9 10 | 10.7
Translocations | 1 2 3 4 5 6 7 8 9 10 | 10.7
Fire Magic     | 1 2 3 4 5 6 7 8 9 10 | 10.7
Ice Magic      | 1 2 3 4 5 6 7 8 9 10 | 10.7
Air Magic      | 1 2 3 4 5 6 7 8 9 10 | 10.7
Earth Magic    | 1 2 3 4 5 6 7 8 9 10 | 10.7
Alchemy        | 1 2 3 4 5 6 7 8 9 10 | 10.7
Short Blades   | 3 4 5 6 7 8 9 10 11 12 | 12.9
Dodging        | 5 6 7 8 9 10 11 12 13 | 13.4
Hexes          | 6 7 8 9 10 11 12 | 12.0

Action                     |  1- 3 |  4- 6 |  7- 9 | 10-12 | 13-15 | 16-18 || total
---------------------------+-------+-------+-------+-------+-------+-------++-------
  Melee: Dagger            |   102 |   106 |   249 |   617 |  1259 |   658 ||  2991
         Bite              |    10 |     7 |    30 |    76 |   203 |    78 ||   404
         Punch             |     2 |     1 |    13 |    21 |       |       ||    37
         Falchion          |       |       |       |       |    72 |       ||    72
  Throw: Dart              |       |     9 |     1 |     3 |    27 |     5 ||    45
   Cast: Ensorcelled Hiber |     4 |    46 |    54 |   185 |   307 |   265 ||   861
         Dazzling Flash    |       |       |     1 |    11 |   113 |    51 ||   176
         Confusing Touch   |       |       |    18 |    23 |    36 |    30 ||   107
         Tukima's Dance    |       |       |       |    18 |     8 |     4 ||    30
         Dispersal         |       |       |       |       |       |     1 ||     1
 Invoke: Stomp             |       |       |       |       |     3 |       ||     3
  Evoke: Wand              |       |       |       |       |     2 |    42 ||    44
    Use: Scroll            |       |       |     7 |    10 |     8 |    10 ||    35
         Potion            |       |       |       |       |     5 |     7 ||    12
   Stab: Sleeping          |    11 |    35 |    60 |   110 |   179 |   163 ||   558
         Confused          |       |       |    17 |    19 |    43 |    40 ||   119
         Invisible         |       |       |       |    11 |   114 |    29 ||   154
         Paralysed         |       |       |       |    10 |    59 |    28 ||    97
         Distracted        |       |       |       |     3 |     5 |     5 ||    13
 Armour: Robe              |    45 |     7 |       |       |       |       ||    52
         Leather armour    |       |    68 |   106 |   163 |    40 |   384 ||   761
         Troll leather arm |       |       |       |    90 |   467 |       ||   557
  Dodge: Dodged            |    66 |    83 |   124 |   315 |   735 |   434 ||  1757
  Block: Buckler           |       |       |       |     4 |   345 |   208 ||   557
